 Dungeon Crawl Stone Soup version 0.21.1-1-g345015f (webtiles) character file.

3437 Kuinu the Cleaver (level 9, -2/82 HPs)
             Began as a Minotaur Fighter on July 18, 2018.
             Was a Believer of Trog.
             Killed from afar by an orc knight (22 damage)
             ... with an exploding inner flame
             ... hexed by the player character
             ... in a bailey.
             The game lasted 00:33:28 (7017 turns).

Kuinu the Cleaver (Minotaur Fighter)                Turns: 7017, Time: 00:33:28

Health: -2/82      AC: 14    Str: 23    XL:     9   Next: 77%
Magic:  0/7        EV:  7    Int:  5    God:    Trog [**....]
Gold:   344        SH: 11    Dex:  9    Spells: 8/8 levels left

rFire    . . .     SeeInvis .   a - +1 war axe
rCold    + . .     Gourm    .   c - +0 shield
rNeg     . . .     Faith    .   l - +1 chain mail
rPois    .         Spirit   +   (helmet restricted)
rElec    .         Reflect  .   w - +0 cloak
rCorr    .         Harm     .   x - +0 pair of gloves
MR       +....     Rnd*Tele +   (no boots)
Stlth    ..........             r - amulet of guardian spirit
HPRegen  0.23/turn              s - ring of protection from magic
MPRegen  0.10/turn              j - -2 ring of dexterity (curse)

@: berserk cooldown, slowed, very slow
A: retaliatory headbutt, hooves 1, horns 2, cold resistance 1, low mp 1,
teleportitis 1
a: Berserk, Trog's Hand, Burn Spellbooks, Renounce Religion


You were in a bailey.
You worshipped Trog.
Trog was pleased with you.
You were not hungry.

You visited 1 branch of the dungeon, and saw 8 of its levels.
You also visited: Bailey.

You collected 344 gold pieces.

Inventory:

Hand Weapons
 a - a +1 war axe (weapon)
Armour
 b - a +0 scale mail
 c - a +0 shield (worn)
 l - a +1 chain mail (worn)
 w - a +0 cloak (worn)
 x - a +0 pair of gloves (worn)
 y - a +0 pair of gloves
 C - a +0 chain mail
Magical Staves
 m - a cursed staff of conjuration {unknown}
Jewellery
 j - a cursed -2 ring of dexterity (right hand)
 r - an amulet of guardian spirit (around neck)
 s - a ring of protection from magic (left hand)
Wands
 d - a wand of flame (21)
Scrolls
 e - 3 scrolls of remove curse
 n - a scroll of immolation
 q - 2 scrolls of enchant armour
 v - a scroll of amnesia
 B - a scroll of summoning {unknown}
Potions
 g - a potion of ambrosia
 h - a potion of mutation
 i - 2 potions of flight
 k - a potion of lignification {unknown}
 o - a potion of magic {unknown}
 p - a potion of degeneration {unknown}
 t - a potion of brilliance
 z - 2 potions of agility
 A - 3 potions of curing {unknown}
 D - a potion of cancellation {unknown}
Comestibles
 f - 4 rations


   Skills:
 + Level 8.3 Fighting
 * Level 10.6 Axes
 + Level 8.3 Armour
 + Level 8.5 Shields


You had 8 spell levels left.
You didn't know any spells.

Dungeon Overview and Level Annotations

Branches:
Dungeon (8/15)             Temple (0/1) D:6            Lair (0/6) D:8

Altars:
Cheibriados
Makhleb
Nemelex Xobeh
Okawaru
Qazlal
Trog
Uskayaw
Yredelemnul

Annotations:
D:5 Kuinu's ghost, novice MiFi


Innate Abilities, Weirdness & Mutations

You reflexively headbutt those who attack you in melee.
You have a pair of horns on your head.
You have large cloven feet.
Your flesh is cold resistant. (rC+)
Your magical capacity is low. (-10% MP)
You are occasionally teleported next to monsters.


Message History

You hit the kobold.
The kobold explodes!
The fiery explosion engulfs you!
The fiery explosion engulfs the orc knight.
The orc knight is heavily wounded.
Trog accepts your kill.
You hear a splash.
You hit the orc knight but do no damage.
You are engulfed in blazing flames.
* * * LOW HITPOINT WARNING * * *
The gnoll moves out of view.
The orc knight is engulfed in blazing flames.
The orc knight barely misses you.
The orc knight is engulfed in blazing flames.
You slash the orc knight! You headbutt the orc knight.
The orc knight is almost dead.
The orc knight is engulfed in blazing flames.
The orc knight explodes!
The fiery explosion engulfs you!
You die...

.... ..... .....
..... ...# ###o###
##§§§..## #@§§8...#
#§§)§.!∩# ##.)...##
####'''####
##≈..(....≈##
#####≈≈.......≈≈#####
#^'.'≈≈...(...≈≈(.(^#
#.###≈≈.......≈≈###(#
.'.K≈≈.......≈≈'.'.#


You could see an orc warrior (inner flame).

Vanquished Creatures
  Prince Ribbit (D:7)
  2 hippogriffs
  A hungry ghost (D:8)
  A water moccasin (D:8)
  2 hell hounds (D:8)
  3 orc warriors
  3 ice beasts
  2 phantoms
  2 sky beasts
  2 ogres (D:8)
  A centaur (D:6)
  A big kobold (D:7)
  2 bullfrogs
  A wyvern skeleton (D:7)
  A scorpion (D:6)
  4 crimson imps
  A bullfrog zombie (D:6)
  3 hounds
  A jelly (D:8)
  A centaur skeleton (D:7)
  3 orc priests
  2 bullfrog skeletons (D:6)
  8 orc wizards
  3 worker ants
  A hound zombie (D:7)
  A howler monkey zombie (D:7)
  A worker ant zombie (D:7)
  Robin (D:3)
  9 adders
  2 shadow imps (D:8)
  An adder zombie (D:5)
  3 worms
  A dart slug (D:1)
  2 leopard geckos
  10 orcs
  6 giant cockroaches
  29 goblins
  14 hobgoblins
  2 quokkas
  2 ball pythons
  4 bats
  4 frilled lizards
  18 kobolds
  A leopard gecko skeleton (D:5)
  A quokka zombie (D:5)
  15 rats
179 creatures vanquished.

Notes
Turn   | Place    | Note
-------+----------+-------------------------------------------
     0 | D:1      | Kuinu the Minotaur Fighter began the quest for the Orb.
     0 | D:1      | Reached XP level 1. HP: 19/19 MP: 0/0
   215 | D:1      | Reached XP level 2. HP: 27/27 MP: 1/1
   870 | D:2      | Reached skill level 3 in Axes
   897 | D:2      | Reached XP level 3. HP: 26/33 MP: 2/2
  1240 | D:2      | Found a sparkling altar of Nemelex Xobeh.
  1652 | D:3      | Reached XP level 4. HP: 37/40 MP: 3/3
  1656 | D:3      | Noticed Robin
  1688 | D:3      | Killed Robin
  1764 | D:3      | Found a bloodstained altar of Trog.
  1764 | D:3      | Noticed a moth of wrath
  1796 | D:3      | Became a worshipper of Trog the Wrathful
  1819 | D:3      | Reached skill level 4 in Axes
  2410 | D:4      | Reached XP level 5. HP: 47/47 MP: 4/4
  2466 | D:4      | Noticed a phantom
  2795 | D:4      | Killed a phantom
  2795 | D:4      | Reached skill level 5 in Shields
  3244 | D:5      | Entered Level 5 of the Dungeon
  3266 | D:5      | Reached skill level 5 in Axes
  3266 | D:5      | Reached XP level 6. HP: 54/55 MP: 5/5
  3291 | D:5      | Reached skill level 5 in Fighting
  3291 | D:5      | Reached skill level 5 in Armour
  3293 | D:5      | Reached * piety under Trog
  3409 | D:5      | Noticed a sky beast
  3422 | D:5      | Killed a sky beast
  3466 | D:5      | Found a hide-covered altar of Uskayaw.
  3536 | D:5      | Noticed Kuinu's ghost (novice MiFi)
  3709 | D:5      | Noticed an ice beast
  4004 | D:6      | Noticed an ice beast
  4012 | D:6      | Killed an ice beast
  4012 | D:6      | Reached skill level 6 in Axes
  4012 | D:6      | Reached XP level 7. HP: 61/61 MP: 6/6
  4249 | D:6      | Found a staircase to the Ecumenical Temple.
  4289 | D:6      | Reached skill level 7 in Axes
  4383 | D:6      | Reached XP level 8. HP: 33/70 MP: 7/7
  4547 | D:6      | Reached skill level 8 in Axes
  5122 | D:7      | Found a snail-covered altar of Cheibriados.
  5211 | D:7      | Found a basalt altar of Yredelemnul.
  5213 | D:7      | Noticed a hippogriff
  5225 | D:7      | Killed a hippogriff
  5583 | D:7      | Reached ** piety under Trog
  5660 | D:7      | Noticed Prince Ribbit
  5678 | D:7      | Killed Prince Ribbit
  5678 | D:7      | Reached skill level 9 in Axes
  5678 | D:7      | Reached XP level 9. HP: 69/79 MP: 8/8
  6444 | D:8      | Reached skill level 10 in Axes
  6616 | D:8      | Found a burning altar of Makhleb.
  6616 | D:8      | Found a stormy altar of Qazlal.
  6646 | D:8      | Found an iron altar of Okawaru.
  6725 | D:8      | Found a staircase to the Lair.
  6836 | D:8      | Found a flagged portal.
  6870 | Bailey   | Entered a bailey
  6947 | Bailey   | Gained mutation: Your flesh is cold resistant. (rC+) [potion of mutation]
  6947 | Bailey   | Gained mutation: You are occasionally teleported next to monsters. [potion of mutation]
  6947 | Bailey   | Gained mutation: Your magical capacity is low. (-10% MP) [potion of mutation]
  6947 | Bailey   | Gained mutation: You have large cloven feet. [potion of mutation]
  7003 | Bailey   | Noticed an orc knight
  7017 | Bailey   | Killed an orc knight
  7017 | Bailey   | Killed from afar by an orc knight

Skill      XL: |  1  2  3  4  5  6  7  8  9 |
---------------+----------------------------+-----
Fighting       | 4 5 6 7 8 |  8.3
Shields        | 4 5 6 7 8 |  8.5
Axes           | 3 4 5 6 7 9 10 | 10.6
Armour         | 4 5 6 7 8 |  8.3

Action                   |  1- 3 |  4- 6 |  7- 9 || total
-------------------------+-------+-------+-------++-------
Melee: War axe           |    92 |   129 |   262 ||   483
       Headbutt          |    14 |    18 |    40 ||    72
       Kick              |       |       |     5 ||     5
Invok: Burn Spellbooks   |       |     1 |       ||     1
       Berserk           |       |     1 |     5 ||     6
  Use: Scroll            |       |     5 |     9 ||    14
       Potion            |       |     1 |     7 ||     8
  Eat: Ration            |     1 |     2 |     6 ||     9
Armor: Scale mail        |    46 |    33 |       ||    79
       Chain mail        |       |    45 |   121 ||   166
Dodge: Dodged            |    29 |    31 |    67 ||   127
Block: Shield            |    53 |    59 |   152 ||   264
